 Dungeon Crawl Stone Soup version 0.31.0 (webtiles) character file.

Game seed: 9763245333870223819

235 qw the Shooter (level 6, -1/38 HPs)
             Began as a Gargoyle Hunter on Jan 19, 2024.
             Slain by Sigmund
             ... wielding a +0 scythe
              (5 damage)
             ... on level 4 of the Dungeon.
             The game lasted 00:00:10 (2197 turns).

qw the Shooter (Gargoyle Hunter)                    Turns: 2197, Time: 00:00:10

Health: -1/38      AC: 11    Str: 14    XL:     6   Next: 6%
Magic:  6/6        EV: 10    Int: 10    God:
Gold:   163        SH:  0    Dex: 15    Spells: 5/5 levels left

rFire   . . .        a - +0 shortbow (drain)
rCold   . . .        (shield currently unavailable)
rNeg    + . .        b - +0 ring mail
rPois   inf          (no helmet)
rElec   +            (no cloak)
rCorr   +            j - +0 pair of gloves
SInv    .            c - +0 pair of boots
Will    .....        (no amulet)
Stlth   +            d - ring of resist corrosion
HPRegen 0.26/turn    (no ring)
MPRegen 0.10/turn

%: no passive effects
@: no status effects
A: sickness immunity, AC +4, negative energy resistance 1, electricity
resistance, torment resistance 1, petrification resistance
a: no special abilities


You were on level 4 of the Dungeon.
You visited 1 branch of the dungeon, and saw 4 of its levels.

You collected 163 gold pieces.


Innate Abilities, Weirdness & Mutations

You are immune to sickness and miasma.
Your stone body is resilient. (AC +4)
You are immune to poison.
You resist negative energy. (rN+)
You are resistant to electric shocks. (rElec)
You are resistant to unholy torment.
You are immune to petrification.


   Skills:
 - Level 4.0 Fighting
 + Level 6.2 Ranged Weapons
 - Level 1.0 Armour
 - Level 1.5 Dodging
 - Level 1.1 Stealth


You had 5 spell levels left.
You didn't know any spells.
Your spell library was empty.

Inventory:

Hand Weapons
 a - a +0 shortbow of draining (weapon)
Armour
 b - a +0 ring mail (worn)
 c - a +0 pair of boots (worn)
 j - a +0 pair of gloves (worn)
Jewellery
 d - a ring of resist corrosion (left hand)
Scrolls
 h - 2 scrolls of identify
 i - a scroll of summoning {unknown}
Potions
 e - 2 potions of enlightenment
 f - a potion of cancellation {unknown}
 k - a potion of heal wounds {unknown}
 l - a potion of brilliance {unknown}

Dungeon Overview and Level Annotations

Branches:
Dungeon (4/15)
 Temple: D:4-7

Altars:
Ashenzari
Gozag
Trog
Uskayaw
Zin

Annotations:
D:2 1 runed translucent door, Crazy Yiuf
D:4 Menkaure, Sigmund


Message History

Menkaure is severely damaged.
Menkaure hits you!
Menkaure gestures at you while chanting.
Pain shoots through your body!
2191 ||| READING scroll of teleportation.
As you read the scroll of teleportation, it crumbles to dust.
You feel strangely unstable. Menkaure hits you but does no damage.
You shoot an arrow. The arrow hits Menkaure.
Menkaure is almost destroyed.
Menkaure hits you. Menkaure barely misses you.
You shoot an arrow.
The arrow hits Menkaure but does no damage.
Menkaure is almost destroyed.
Your surroundings suddenly seem different.
Sigmund, a kobold and a gnoll come into view.
The kobold shouts!
You shoot an arrow. The gnoll shouts!
The arrow hits Sigmund.
Sigmund is lightly wounded.
You hear a shout!
A ball python comes into view.
Sigmund barely misses you.
A gnoll comes into view. It is wielding a +0 spear.
The kobold throws a stone.
The stone hits you but does no damage.
2195 ||| RETREEEEATING.
The gnoll shouts!
The ball python hisses angrily.
Sigmund barely misses you.
You shoot an arrow. The arrow hits Sigmund!
You drain Sigmund.
Sigmund is heavily wounded.
The gnoll misses you. Sigmund barely misses you.
The kobold throws a stone.
The stone closely misses you.
You shoot an arrow. The arrow closely misses Sigmund.
The gnoll hits you but does no damage.
A gnoll comes into view. It is wielding a +0 whip.
A gnoll comes into view. It is wielding a +0 spear.
Sigmund hits you with a +0 scythe.
You die...
Sigmund begins carving another notch in his scythe.

#####
.....##+###
..........#
........@.#
.....K.@..#
......S...#
.......g..#
..........#
....g.....#
..........#
..........#
..gg......#
.........#


You could see Sigmund (very drained), 4 gnolls, a ball python and a kobold.

Vanquished Creatures
  An orc priest (D:3)
  A gnoll bouda (D:4)
  Jessica (D:2)
  5 gnolls (D:4)
  2 adders
  2 dart slugs
  2 orcs (D:3)
  4 bats
  8 endoplasms
  5 giant cockroaches
  7 goblins
  6 hobgoblins
  8 jackals
  4 kobolds
  8 quokkas
  4 ball pythons
  2 frilled lizards
  2 rats
72 creatures vanquished.

Notes
Turn   | Place    | Note
-------+----------+-------------------------------------------
     0 | D:1      | qw the Gargoyle Hunter began the quest for the Orb.
     0 | D:1      | Reached XP level 1. HP: 12/12 MP: 1/1
     0 | D:1      | 0 ||| qw: Version: 0.3-a-132-g3d54051
     0 | D:1      | 0 ||| qw: Game counter: 194
     0 | D:1      | 0 ||| qw: Melee chars always use a shield: true
     0 | D:1      | 0 ||| qw: God list: Okawaru
     0 | D:1      | 0 ||| qw: Allow faded altars: false
     0 | D:1      | 0 ||| qw: Do Orc after clearing Dungeon:15 true
     0 | D:1      | 0 ||| qw: Do second Lair branch before Depths: true
     0 | D:1      | 0 ||| qw: Lair rune preference: random
     0 | D:1      | 0 ||| qw: Goals: Normal
     0 | D:1      | 0 ||| PLANNING D:1-11
   176 | D:1      | Reached XP level 2. HP: 17/17 MP: 2/2
   304 | D:1      | Found a faded altar of an unknown god.
   434 | D:1      | 434 ||| UPGRADING to ring of resist corrosion.
   435 | D:1      | 435 ||| READING scroll labelled RISUOW DOSCHA.
   435 | D:1      | 435 ||| BRANDING +0 shortbow.
   436 | D:1      | 436 ||| READING 2 scrolls labelled DESTUT SIFA.
   437 | D:1      | 437 ||| READING scroll labelled AFOFUTINA.
   438 | D:1      | 438 ||| READING scroll labelled JOHUORROAKH.
   438 | D:1      | 438 ||| IDENTIFYING bubbling ruby potion
   439 | D:1      | 439 ||| READING scroll labelled HALIYRR ZINIXA.
   444 | D:1      | 444 ||| DRINKING 2 sedimented blue potions.
   445 | D:1      | 445 ||| DRINKING black potion.
   452 | D:1      | 452 ||| DROPPING scroll of butterflies.
   453 | D:1      | 453 ||| DROPPING scroll of poison.
   454 | D:1      | 454 ||| DROPPING potion of ambrosia.
   463 | D:2      | 463 ||| STAIRDANCE
   494 | D:2      | 494 ||| FLEEEEING.
   512 | D:2      | Reached XP level 3. HP: 21/21 MP: 3/3
   524 | D:2      | Reached skill level 5 in Ranged Weapons
   784 | D:2      | Reached skill level 3 in Fighting
   880 | D:2      | Noticed Jessica
   882 | D:2      | Killed Jessica
   883 | D:2      | Reached XP level 4. HP: 28/28 MP: 4/4
  1109 | D:2      | Found a runed translucent door.
  1110 | D:2      | Noticed Crazy Yiuf
  1155 | D:2      | 1155 ||| UPGRADING to +0 ring mail.
  1165 | D:2      | 1165 ||| DROPPING +0 leather armour.
  1166 | D:2      | 1166 ||| UPGRADING to +0 pair of gloves.
  1171 | D:2      | 1171 ||| READING 2 scrolls of identify.
  1171 | D:2      | 1171 ||| IDENTIFYING smoky yellow potion
  1172 | D:2      | 1172 ||| READING scroll of identify.
  1172 | D:2      | 1172 ||| IDENTIFYING fizzy emerald potion
  1173 | D:2      | 1173 ||| DROPPING potion of magic.
  1174 | D:2      | 1174 ||| DROPPING potion of attraction.
  1252 | D:3      | Found an opulent altar of Gozag.
  1252 | D:3      | Found a glowing silver altar of Zin.
  1364 | D:3      | Reached skill level 1 in Armour
  1455 | D:3      | Reached XP level 5. HP: 24/32 MP: 5/5
  1638 | D:3      | Found a broken altar of Ashenzari.
  1640 | D:3      | Reached skill level 6 in Ranged Weapons
  1681 | D:3      | Found a hide-covered altar of Uskayaw.
  1682 | D:3      | 1682 ||| UPGRADING to +0 pair of boots.
  1687 | D:3      | Found a bloodstained altar of Trog.
  1688 | D:3      | 1688 ||| READING scroll labelled BALAAD BOUDI.
  1689 | D:3      | 1689 ||| FLEEEEING.
  1691 | D:3      | 1691 ||| FLEEEEING.
  1692 | D:3      | 1692 ||| FLEEEEING.
  1693 | D:3      | 1693 ||| FLEEEEING.
  1694 | D:3      | 1694 ||| FLEEEEING.
  1695 | D:3      | 1695 ||| FLEEEEING.
  1696 | D:3      | 1696 ||| FLEEEEING.
  1697 | D:3      | 1697 ||| FLEEEEING.
  1949 | D:4      | 1949 ||| RETREEEEATING.
  1950 | D:4      | 1950 ||| RETREEEEATING.
  1952 | D:4      | 1952 ||| RETREEEEATING.
  1970 | D:4      | Reached XP level 6. HP: 18/38 MP: 6/6
  2185 | D:4      | Noticed Menkaure
  2190 | D:4      | HP: 6/38 [Menkaure (12)]
  2191 | D:4      | 2191 ||| READING scroll of teleportation.
  2193 | D:4      | Noticed Sigmund
  2195 | D:4      | 2195 ||| RETREEEEATING.
  2197 | D:4      | Slain by Sigmund

Levels and vault maps discovered:
D:1:      dpeg_arrival_lava_temple_mockup, layout_rooms,
          shapermc_ecumenical_altar_petra
D:2:      layout_loops_cross, uniq_crazy_yiuf_cottage, uniq_jessica
D:3:      layout_loops_ring, grunt_temple_overflow_gold_and_silver,
          jmf_multi_god_temple, mainiacjoe_overflow_alcove_4
D:4:      mumra_celtic_spiral_tile, layout_basic,
          serial_library_hellmonk_hallway_b, kennysheep_generic_room_14,
          uniq_menkaure, uniq_sigmund, uniq_eustachio

Skill      XL: |  1  2  3  4  5 |
---------------+----------------+-----
Ranged Weapons | 5 6 |  6.2
Fighting       | 3 4 |  4.0
Armour         | 1 |  1.0
Dodging        | |  1.5
Stealth        | |  1.1

Action                     |  1- 3 |  4- 6 || total
---------------------------+-------+-------++-------
   Fire: Shortbow          |    69 |   103 ||   172
    Use: Scroll            |     5 |     4 ||     9
         Potion            |     2 |       ||     2
 Armour: Leather armour    |    12 |     3 ||    15
         Ring mail         |       |    20 ||    20
  Dodge: Dodged            |    12 |    22 ||    34

Table legend:
 A = Non-vault XP
 B = Vault XP
 C = Vault XP percentage of total XP
 D = Non-vault monster count
 E = Vault monster count
 F = Vault count percentage of total count
                 A         B        C        D         E       F
            +---------+---------+-------+---------+---------+-------
      Total |     296 |      41 |  12.2 |      69 |       3 |   4.2
            +---------+---------+-------+---------+---------+-------
        D:1 |      17 |       0 |   0.0 |       9 |       0 |   0.0
        D:2 |      69 |      37 |  34.9 |      29 |       1 |   3.3
        D:3 |      98 |       4 |   3.9 |      24 |       2 |   7.7
        D:4 |     112 |       0 |   0.0 |       7 |       0 |   0.0
            +---------+---------+-------+---------+---------+-------
